 Dungeon Crawl Stone Soup version 0.28-a0-1033-g1a2f33fa85 (webtiles) character file.

Game seed: 525101567918898929

28 Redcow54321 the Slasher (level 2, -9/24 HPs)
             Began as a Demonspawn Berserker on Dec 7, 2021.
             Was a Follower of Trog.
             Killed from afar by an orc wizard (10 damage)
             ... with a magic dart
             ... on level 2 of the Dungeon.
             The game lasted 00:03:19 (1544 turns).

Redcow54321 the Slasher (Demonspawn Berserker)      Turns: 1544, Time: 00:03:20

Health: -9/24      AC:  2    Str: 17    XL:     2   Next: 96%
Magic:  2/2        EV: 12    Int:  8    God:    Trog [*.....]
Gold:   77         SH:  0    Dex: 12    Spells: 1/1 levels left

rFire   . . .      SeeInvis .   a - +0 falchion
rCold   . . .      Faith    .   (no shield)
rNeg    . . .      Spirit   .   j - +0 robe
rPois   .          Reflect  .   (no helmet)
rElec   .          Harm     .   i - scarf {shadows}
rCorr   .          Rampage  .   (no gloves)
Will    .....                   (no boots)
Stlth   +.........              d - amulet of the acrobat
HPRegen 0.08/turn               c - +4 ring of slaying
MPRegen 0.08/turn               (no ring)

@: confused
A: ignite blood 1
a: Renounce Religion, Berserk


You were on level 2 of the Dungeon.
You worshipped Trog.
Trog was aware of your devotion.
You visited 1 branch of the dungeon, and saw 3 of its levels.

You collected 77 gold pieces.

Inventory:

Hand Weapons
 a - a +0 falchion (weapon)
Armour
 i - a scarf of shadows (worn)
 j - a +0 robe (worn)
Jewellery
 c - a +4 ring of slaying (left hand)
 d - an amulet of the acrobat (around neck)
Scrolls
 e - a scroll of silence {unknown}
 g - a scroll of vulnerability {unknown}
Potions
 b - a potion of mutation {unknown}
 f - a potion of curing {unknown}
 h - a potion of berserk rage {unknown}


   Skills:
 - Level 3.0 Fighting
 * Level 3.8 Long Blades
 - Level 1.7 Armour
 - Level 1.7 Dodging


You had one spell level left.
You didn't know any spells.
Your spell library was empty.

Dungeon Overview and Level Annotations

Branches:
Dungeon (3/15)

Altars:

Shops:
D:2 [((*


Innate Abilities, Weirdness & Mutations

Your demonic aura sometimes causes spilled blood to erupt in flames.


Message History

Trog accepts your kill.
No target in view!
Done exploring.
Done exploring.
Done exploring.
There is an open door here.
There is a stone staircase leading down here.
You climb downwards.
The orc shouts!
The orc priest shouts!
The orc shouts!
The orc wizard shouts!
Found 17 gold pieces.
Found a stone staircase leading down.
There is a stone staircase leading up here.
The orc wizard gestures at you while chanting.
You are confused.
In your confused state, you trip and fall back down the stairs.
The orc priest hits you but does no damage.
The orc priest calls down the wrath of Beogh upon you.
Pain shoots through your body!
Ouch! That really hurt!
You climb upwards.
There is a stone staircase leading down here.
You are too injured to fight recklessly!
You are too injured to fight recklessly!
You are too injured to fight recklessly!
You are too injured to fight recklessly!
You are too injured to fight recklessly!
The orc priest casts a cantrip, but nothing happens.
You bump into the rock wall.
You feel less confused.
The orc wizard mumbles some strange words.
The orc wizard flickers and vanishes!
Deactivating autopickup; reactivate with Ctrl-A.
You hear some strange, mumbled words.
You are confused.
You're too confused to move!
The orc priest mumbles some strange prayers to Beogh against you.
Beogh smites you!
* * * LOW HITPOINT WARNING * * *
A magic dart appears from out of thin air!
The magic dart hits you!
You die...

.......).∩...#.#######.#########
.............#.# ####.#
.............#.# #....#########
......#....###.# #............#
#######.....##.####..........†.#
#.....##.#..'............#
#......#.#.##............#
###......#.##............#
#......#@##............#
#......#.##............#
#.....>{.##............#
#.....o#################
#......# #......# #......#
#......# ########


You could see an orc priest.

Vanquished Creatures
  4 bats
  An endoplasm (D:2)
  A giant cockroach (D:1)
  6 goblins
  2 hobgoblins
  3 kobolds
  3 ball pythons
  2 frilled lizards (D:1)
  A rat (D:1)
23 creatures vanquished.

Notes
Turn   | Place    | Note
-------+----------+-------------------------------------------
     0 | D:1      | Redcow54321 the Demonspawn Berserker began the quest for
                  | the Orb.
     0 | D:1      | Reached XP level 1. HP: 18/18 MP: 1/1
   193 | D:1      | Gained mutation: Your demonic aura sometimes causes spilled
                  | blood to erupt in flames. [demonic ancestry]
   193 | D:1      | Reached XP level 2. HP: 24/24 MP: 2/2
  1019 | D:2      | Found a faded altar of an unknown god.
  1050 | D:2      | Found Nousommu's Antique Weapon Emporium.
  1150 | D:2      | Found Kygowet's Weapon Shop.
  1153 | D:2      | Found Gymip's Antique Armour Shop.
  1412 | D:2      | Found Calywigh's Assorted Antiques.
  1544 | D:2      | HP: 1/24 [orc priest/divine providence (9)]
  1544 | D:2      | Killed from afar by an orc wizard

Illustrated notes

Levels and vault maps discovered:
D:1:      lemuel_arrival_lava_pool, layout_basic
D:2:      layout_basic, chequers_ecumenical_altar_island, serial_shops,
          nicolae_shop_hallway_stairs, shop, nicolae_shop_trees, shop
D:3:      layout_rooms

Skill      XL: |  1 |
---------------+----+-----
Long Blades    | 3 |  3.8
Fighting       | |  3.0
Armour         | |  1.7
Dodging        | |  1.7

Action                   || total
-------------------------++-------
Melee: Falchion          ||    43
 Stab: Sleeping          ||     4
Armor: Animal skin       ||     3
       Robe              ||     2
Dodge: Dodged            ||    31

Table legend: (Time is in decaauts)
 A = Elapsed time spent in this place.
 B = Non-inter-level travel time spent in this place.
 C = Inter-level travel time spent in this place.
 D = Time resting spent in this place.
 E = Time spent auto-exploring this place.
 F = Levels seen in this place.
 G = Mean time per level.
                   A        B        C        D        E       F      G
               +--------+--------+--------+--------+--------+-----+--------+
         Total |   1556 |   1355 |    201 |      0 |   1160 |   3 |  518.7 |
       Dungeon |   1556 |   1355 |    201 |      0 |   1160 |   3 |  518.7 |
               +--------+--------+--------+--------+--------+-----+--------+

Top non-repeatable levels by time:
     D:1: 854 daAuts
     D:2: 697 daAuts
     D:3: 4 daAuts
